AoeStats
← ionatan

Nomad

509549869Analyzed
2v2 RM · 6d ago on Sep 27, 2026· 22m 27s· 4 players
Game mode
Random Map
Map size
176×176
Population
200
Speed
Normal
Resources
Standard
Victory
Conquest
Starting age
Dark Age
Ending age
Imperial Age
RankedLock teamsTeams togetherTeam positionsShared explorationLock speedFull tech treeHidden civsTurbo modeCheats
Victory
Defeat
🇦🇷 Persians · Argentina
984
+13
🇦🇷 Varangians · Argentina
837
+19
🇦🇷 Georgians · Argentina
923
-17
🇦🇺 Huns · Australia
884
-15
lisandroarce22
15:56 Feudal Age
14:37 Loom
21:32 Castle Age
ramiroale91
10:43 Loom
14:38 Feudal Age
15:21 Double-Bit Axe
15:37 Man-at-Arms
19:32 Fishing Lines
ionatan
5:15 Loom
13:00 Feudal Age
13:47 Horse Collar
21:19 Castle Age
20:27 Wheelbarrow
20:12 Town Watch
20:33 Double-Bit Axe
20:40 Stone Mining
21:21 Forging
mund
5:03 Loom
14:33 Feudal Age
15:41 Double-Bit Axe
16:35 Wheelbarrow
18:42 Bloodlines
Connection lost

Rejoining the realm…

Still unreachable

The connection could not be restored.

Session expired

The server has moved on; the page needs a fresh start.